 BcadrenCrawl: Boulder Brew version 0.05.32 (webtiles) character file.

Game seed: 15991534000664375837, levelgen mode: deterministic

128 diana the Consumer (level 4, 0/33 HPs) Oozomorph Monk. Began on Oct 3, 2021. Slain by a sewer rat (4 damage) ... on level 2 of the Dungeon. The game lasted 00:01:40 (1011 turns).

diana the Consumer (Oozomorph Monk)                 Turns: 1011, Time: 00:01:40

Health: 0/33       AC:  2    Str: 12    XL:     4 ^: 13
Magic:  4/4        EV: 13    Int: 11    God:
Gold:   69         SH:  0    Dex: 15    Spells: 3/3 levels left

rFire    . . .     Vision   .     - Unarmed
rCold    . . .     Gourm    .     - Unarmed
rNeg     . . .     Faith    .   a - +0 robe
rCorr    + + +     Spirit   .   (no armour)
rPois    .         Reflect  .   (no armour)
rElec    .         Harm     .   (no armour)
MR       .....                  (no armour)
Stlth    ++........             (no armour)
HPRegen  0.21/turn              (nothing subsumed)
MPRegen  0.14/turn              (no amulet)
                                (no ring)
                                (no ring)

@: no status effects
A: cytoplasmic subsumption, amorphous body, gelatinous body 1
a: Subsume Item


You were on level 2 of the Dungeon.
You were hungry.

You visited 1 branch of the dungeon, and saw 2 of its levels.

You collected 69 gold pieces.

Inventory:

Armour
 a - a +0 robe (worn)
Scrolls
 c - a scroll of fog
Potions
 d - a potion of brilliance
 e - a potion of curing
Comestibles
 b - 2 rations


   Skills:
 + Level 4.2 Fighting
 + Level 1.6 Armour
 + Level 3.1 Dodging
 - Level 2.7 Stealth
 + Level 3.8 Unarmed Combat


You had 3 spell levels left.
You didn't know any spells.
Your spell library was empty.

Dungeon Overview and Level Annotations

Branches:
Dungeon (2/8)

Altars:


Innate Abilities, Weirdness & Mutations

You may subsume any weapon, armour, or jewellery into your cytoplasm to benefit from its magical properties.
Your body is completely amorphous, allowing you to wear any combination of armour.
You have seven amorphous slots; replacing the normal gear slots.
Body armours and bardings take two slots, all other armours take one.
Your gelatinous form is immune to acid, constriction and sticky flames. (rCorr+, Slime)


Message History

You are too injured to fight recklessly!
You are too injured to fight recklessly!
You are too injured to fight recklessly!
You are too injured to fight recklessly!
You are too injured to fight recklessly!
You are too injured to fight recklessly!
The sewer rat bites you (3).
* * * LOW HITPOINT WARNING * * *
You hit the sewer rat (2). You hit the sewer rat but do no damage.
The sewer rat is almost dead. (1/12) HP The sewer rat bites you (3).
* * * LOW HITPOINT WARNING * * *
You hit the sewer rat but do no damage. x2
The sewer rat is almost dead. (1/12) HP The sewer rat barely misses you (0).
You hit the sewer rat (2).
You kill the sewer rat!
You hear a splash.
The sewer rat bites you (4).
You die...

........#.≈≈≈≈≈≈≈##..#
.........≈.≈≈≈≈≈....#
#≈.....≈#.P.≈≈≈≈..≈# #
##....###....≈≈...# ≈#
##....≈##≈≈.≈≈≈≈.## ..#
≈#.†...##≈≈.≈≈≈≈.# ...#
......≈##≈≈..≈≈..# ....
....>.###...≈≈≈≈.###..#
...≈≈####.≈≈≈≈≈≈@.r..≈#
...####≈...≈≈≈≈.≈rr.###
.....≈#...≈≈≈≈≈≈.##.≈#
.......≈#.≈≈≈≈≈≈..≈...≈#
......).#≈..≈≈PP...>..≈#
..........P...PP.####≈##
#≈.....b..≈PP....# ##
###.≈...#.≈≈≈.≈≈≈#
##≈....≈≈≈..≈≈P


You could see 3 submerged sewer rats.

Vanquished Creatures
  A bullfrog (D:2)
  2 giant cockroaches (D:2)
  A sewer rat (D:2)
  2 cinder newts
  4 oozes
  A dart slug (D:1)
  An adder skeleton (D:2)
  A ball python (D:1)
  A cinder newt skeleton (D:2)
  3 hobgoblins (D:1)
  3 bats (D:1)
  3 kobolds (D:1)
  6 rats (D:1)
  2 withered plants (D:2)
31 creatures vanquished.

Vanquished Creatures (others)
  A giant cockroach (D:2)
  44 withered plants (D:2)
45 creatures vanquished.

Grand Total: 76 creatures vanquished

Notes
Turn   | Place    | Note
-------+----------+-------------------------------------------
     0 | D:1      | diana the Oozomorph Monk began the quest for the Orb.
     0 | D:1      | Reached XP level 1. HP: 16/16 MP: 1/1
    57 | D:1      | Reached XP level 2. HP: 21/21 MP: 2/2
   405 | D:1      | Reached XP level 3. HP: 25/27 MP: 3/3
   831 | D:2      | Reached skill level 1 in Armour
   835 | D:2      | Noticed a bullfrog
   852 | D:2      | Killed a bullfrog
   852 | D:2      | Reached skill level 4 in Fighting
   852 | D:2      | Reached XP level 4. HP: 15/33 MP: 4/4
  1011 | D:2      | Slain by a sewer rat

Levels and vault maps discovered:
D:1:      saegor_arrival_simple_d, layout_loops_corners, first_ration
D:2:      layout_sewer, regret_index_temple_of_mockery, kennysheep_little_box,
          serial_shops, nicolae_shop_competitors_out_of_business

Skill      XL: |  1  2  3 |
---------------+----------+-----
Armour         | 1 |  1.6
Fighting       | 4 |  4.2
Dodging        | 3 |  3.1
Stealth        | |  2.7
Unarmed Combat | |  3.8

Action                   |  1- 3 |  4- 6 || total
-------------------------+-------+-------++-------
Melee: Unarmed           |   137 |    53 ||   190
 Stab: Sleeping          |    12 |       ||    12
Armor: Skin              |     5 |     3 ||     8
Dodge: Dodged            |    22 |    16 ||    38
